General information
- name: BNet
- type: Ladder 1vs1/FFA
- host: Battle.net
- saver: GoofyKlownFace
map: LostTemple
- players: 2
- length: 69:11
- speed: Fast
- version: 1.26 W3XP
- replay type: Public
» download(272 KB)
Players
team 1 (winner)

»
IEchoingIRuin (
yellow | 14 APM | 959 actions | 69:11)
4 Demon Hunter
2 Evasion
2 Immolation
3 Keeper of the Grove
2 Entangling Roots
1 Thorns Aura
» actions
| Assign group hotkey | 14 | |
| Basic commands | 67 | |
| Build / train | 75 | |
| ESC pressed | 11 | |
| Enter build submenu | 26 | |
| Enter hero's abilities submenu | 7 | |
| Give item / drop item | 2 | |
| Right click | 360 | |
| Select / deselect | 216 | |
| Select group hotkey | 91 | |
| Use ability | 90 | |
959 total
» units
| Wisp | 39 | |
| Dryad | 10 | |
| Druid of the Claw | 4 | |
53 total
» upgrades
| Strength of the Wild | 3 | |
| Reinforced Hides | 3 | |
| Druid of the Claw Training | 2 | |
| Mark of the Claw | 1 | |
| Nature's Blessing | 1 | |
10 total
» buildings
| Altar of Elders | 1 | |
| Moon Well | 12 | |
| Hunter's Hall | 1 | |
| Ancient Protector | 2 | |
| Tree of Ages | 1 | |
| Ancient of Lore | 2 | |
| Tree of Eternity | 1 | |
| Tree of Life | 10 | |
| Ancient of Wonders | 2 | |
32 total
» build order
00:11 Altar of Elders
00:15 Moon Well
01:05 Hunter's Hall
02:08 Ancient Protector
02:16 Ancient Protector
03:10 Tree of Ages
04:11 Moon Well
05:31 Moon Well
05:32 Moon Well
05:45 Ancient of Lore
05:51 Ancient of Lore
05:54 Tree of Eternity
06:30 Moon Well
08:06 Moon Well
09:23 Tree of Life
10:45 Tree of Life
18:18 Moon Well
18:19 Moon Well
18:20 Moon Well
18:21 Moon Well
18:22 Moon Well
20:04 Ancient of Wonders
23:00 Tree of Life
23:17 Tree of Life
23:22 Tree of Life
23:24 Tree of Life
23:25 Tree of Life
23:25 Tree of Life
23:26 Tree of Life
23:27 Tree of Life
24:59 Ancient of Wonders
26:38 Moon Well
» items
team 2 (loser)
GoofyKlownFace (
orange | 50 APM | 3445 actions | 69:11)
5 Archmage
3 Blizzard
2 Brilliance Aura
5 Blood Mage
3 Flame Strike
2 Siphon Mana
4 Mountain King
2 Storm Bolt
2 Bash
» actions
| Assign group hotkey | 71 | |
| Basic commands | 170 | |
| Build / train | 170 | |
| ESC pressed | 7 | |
| Enter build submenu | 91 | |
| Enter hero's abilities submenu | 14 | |
| Give item / drop item | 9 | |
| Right click | 1142 | |
| Select / deselect | 927 | |
| Select group hotkey | 349 | |
| Use ability | 495 | |
3445 total
» units
| Peasant | 34 | |
| Goblin Shredder | 2 | |
| Goblin Zeppelin | 2 | |
| Goblin Sapper | 3 | |
| Dragonhawk Rider | 2 | |
| Gryphon Rider | 2 | |
| Sorceress | 1 | |
| Priest | 1 | |
47 total
» upgrades
| Masonry | 3 | |
| Gunpowder | 3 | |
| Armor | 3 | |
| Swords | 3 | |
| Magic Sentry | 1 | |
| Sorceress Training | 2 | |
| Cloud | 1 | |
| Storm Hammers | 1 | |
| Animal War Training | 1 | |
| Plating | 3 | |
| Priest Training | 2 | |
23 total
» buildings
| Altar of Kings | 2 | |
| Farm | 19 | |
| Lumber Mill | 3 | |
| Arcane Vault | 2 | |
| Scout Tower | 150 | |
| Arcane Tower | 12 | |
| Guard Tower | 31 | |
| Town Hall | 8 | |
| Keep | 3 | |
| Blacksmith | 4 | |
| Castle | 2 | |
| Gryphon Aviary | 3 | |
| Arcane Sanctum | 3 | |
| Barracks | 1 | |
| Workshop | 1 | |
| Cannon Tower | 4 | |
248 total
» build order
00:03 Altar of Kings
00:25 Farm
00:26 Farm
00:38 Lumber Mill
01:01 Arcane Vault
01:05 Scout Tower
02:02 Arcane Tower
02:11 Scout Tower
02:47 Scout Tower
02:51 Arcane Tower
02:59 Scout Tower
03:01 Farm
03:06 Scout Tower
03:19 Scout Tower
03:30 Guard Tower
03:34 Scout Tower
03:36 Guard Tower
03:45 Scout Tower
04:29 Town Hall
04:32 Guard Tower
04:44 Guard Tower
04:49 Scout Tower
04:51 Scout Tower
05:01 Guard Tower
05:05 Scout Tower
06:21 Guard Tower
06:24 Scout Tower
06:24 Scout Tower
06:29 Guard Tower
06:32 Scout Tower
06:32 Scout Tower
06:34 Scout Tower
06:35 Scout Tower
06:36 Scout Tower
07:10 Guard Tower
07:13 Arcane Tower
07:16 Arcane Tower
07:17 Guard Tower
07:19 Scout Tower
07:20 Scout Tower
07:21 Scout Tower
07:21 Scout Tower
07:40 Farm
08:06 Keep
08:08 Guard Tower
08:26 Guard Tower
08:33 Blacksmith
08:39 Blacksmith
08:41 Farm
10:28 Castle
11:28 Gryphon Aviary
11:29 Gryphon Aviary
11:32 Gryphon Aviary
11:53 Arcane Sanctum
11:53 Arcane Sanctum
12:00 Farm
12:28 Barracks
13:27 Guard Tower
18:54 Scout Tower
18:54 Scout Tower
18:55 Scout Tower
19:13 Scout Tower
19:14 Scout Tower
21:40 Guard Tower
25:27 Town Hall
25:30 Scout Tower
25:31 Scout Tower
25:31 Scout Tower
25:32 Scout Tower
25:33 Scout Tower
25:33 Scout Tower
25:35 Scout Tower
25:35 Scout Tower
26:25 Arcane Tower
26:26 Guard Tower
26:27 Scout Tower
27:02 Guard Tower
32:04 Arcane Tower
33:39 Lumber Mill
33:54 Scout Tower
33:56 Scout Tower
33:57 Scout Tower
33:57 Scout Tower
33:58 Scout Tower
33:59 Scout Tower
34:00 Scout Tower
34:01 Scout Tower
34:02 Scout Tower
34:03 Scout Tower
34:18 Scout Tower
34:19 Scout Tower
34:24 Town Hall
34:38 Arcane Tower
34:39 Guard Tower
34:41 Arcane Tower
34:42 Guard Tower
34:51 Guard Tower
34:57 Guard Tower
35:18 Guard Tower
37:00 Scout Tower
37:00 Scout Tower
37:01 Scout Tower
37:02 Scout Tower
37:04 Scout Tower
37:20 Farm
37:31 Guard Tower
37:36 Guard Tower
42:39 Guard Tower
44:01 Town Hall
44:03 Lumber Mill
47:08 Keep
48:01 Town Hall
48:36 Scout Tower
48:36 Scout Tower
48:37 Scout Tower
48:38 Scout Tower
48:38 Scout Tower
48:39 Scout Tower
48:39 Scout Tower
48:40 Scout Tower
48:55 Keep
49:07 Guard Tower
49:18 Scout Tower
49:19 Scout Tower
49:21 Scout Tower
49:23 Scout Tower
49:24 Scout Tower
49:25 Scout Tower
49:26 Scout Tower
49:27 Scout Tower
49:29 Scout Tower
49:30 Scout Tower
49:30 Scout Tower
49:31 Scout Tower
49:34 Scout Tower
49:35 Scout Tower
49:36 Scout Tower
50:03 Guard Tower
50:05 Scout Tower
50:08 Arcane Tower
50:16 Scout Tower
50:17 Scout Tower
50:17 Scout Tower
50:18 Scout Tower
50:21 Scout Tower
50:21 Scout Tower
50:25 Scout Tower
50:26 Scout Tower
50:27 Scout Tower
50:29 Scout Tower
50:30 Scout Tower
50:31 Scout Tower
50:33 Scout Tower
51:52 Arcane Tower
51:55 Guard Tower
51:59 Guard Tower
52:18 Scout Tower
52:20 Scout Tower
52:20 Scout Tower
52:23 Scout Tower
52:23 Scout Tower
52:24 Scout Tower
52:27 Scout Tower
52:28 Scout Tower
52:29 Scout Tower
52:30 Scout Tower
52:30 Scout Tower
52:35 Altar of Kings
52:52 Farm
52:53 Farm
52:53 Farm
52:55 Farm
53:01 Farm
53:09 Farm
56:23 Town Hall
56:26 Guard Tower
56:29 Castle
56:35 Farm
56:35 Farm
56:36 Farm
56:39 Farm
56:40 Farm
56:46 Farm
57:29 Guard Tower
57:40 Arcane Sanctum
57:44 Arcane Vault
57:55 Blacksmith
57:59 Town Hall
58:02 Scout Tower
58:03 Scout Tower
58:03 Scout Tower
58:04 Scout Tower
58:46 Scout Tower
58:47 Scout Tower
58:47 Scout Tower
59:20 Guard Tower
59:52 Town Hall
60:24 Arcane Tower
60:25 Guard Tower
60:28 Arcane Tower
65:10 Workshop
65:24 Scout Tower
65:25 Scout Tower
65:26 Scout Tower
65:27 Scout Tower
65:30 Scout Tower
65:31 Scout Tower
65:36 Scout Tower
65:37 Scout Tower
65:37 Scout Tower
65:38 Scout Tower
65:39 Scout Tower
65:41 Scout Tower
65:45 Scout Tower
65:46 Scout Tower
65:47 Scout Tower
65:48 Scout Tower
65:49 Scout Tower
65:50 Scout Tower
65:54 Scout Tower
65:55 Scout Tower
65:56 Scout Tower
66:04 Scout Tower
66:06 Scout Tower
66:07 Scout Tower
66:08 Scout Tower
66:10 Scout Tower
66:14 Scout Tower
66:15 Scout Tower
66:16 Scout Tower
66:18 Scout Tower
66:20 Scout Tower
66:21 Scout Tower
66:22 Scout Tower
66:23 Scout Tower
66:24 Scout Tower
66:29 Scout Tower
66:29 Scout Tower
66:30 Scout Tower
66:31 Scout Tower
66:47 Scout Tower
66:51 Scout Tower
67:18 Scout Tower
67:46 Cannon Tower
67:47 Cannon Tower
67:57 Cannon Tower
67:57 Cannon Tower
» items
| Mechanical Critter | 3 | |
| Scroll of Regeneration | 6 | |
| Lesser Clarity Potion | 3 | |
| Boots of Speed | 3 | |
| Periapt of Vitality | 2 | |
| Staff of Teleportation | 3 | |
| Potion of Invisibility | 1 | |
| Potion of Lesser Invulnerability | 2 | |
| Scroll of Town Portal | 3 | |
| Staff of Sanctuary | 2 | |
| Orb of Fire | 1 | |
| Potion of Healing | 1 | |
| Potion of Mana | 1 | |
31 total
Chat log
(14:27 / All) IEchoingIRuin: well that was rude...
(16:00 / All) IEchoingIRuin: is that all u've got?
(17:22 / All) IEchoingIRuin: wow thats a real bitch move.
(17:27 / All) GoofyKlownFace: cry and leave
(17:33 / All) IEchoingIRuin: no fuck u u will lose
(17:37 / All) GoofyKlownFace: lol
(17:37 / All) GoofyKlownFace: ok
(21:09 / All) IEchoingIRuin: fag strategy
(21:11 / All) GoofyKlownFace: cry
(21:12 / All) GoofyKlownFace: and leave
(21:15 / All) IEchoingIRuin: nope
(21:20 / All) IEchoingIRuin: work for the win im not fucking leaving
(21:25 / All) GoofyKlownFace: so
(21:32 / All) GoofyKlownFace: youre going to "Waste my time"
(21:34 / All) GoofyKlownFace: is that it?
(21:39 / All) IEchoingIRuin: mhmm
(21:43 / All) GoofyKlownFace: so what youre saying
(21:46 / All) IEchoingIRuin: ]u wasted mine with a bitch strategy
(21:47 / All) GoofyKlownFace: is that my time is more valuable than yours
(21:51 / All) IEchoingIRuin: couldnt go army vs army
(22:04 / All) GoofyKlownFace: why spend money i dont need to beat you?
(22:21 / All) IEchoingIRuin: w/e im done talking.
(22:23 / All) GoofyKlownFace: mmm
(22:25 / All) GoofyKlownFace: face saving
(22:26 / All) GoofyKlownFace: nice
(22:43 / All) IEchoingIRuin: lucky ur on the other side of a pc or thered be no saving your face,
(22:46 / All) GoofyKlownFace: hey
(22:48 / All) GoofyKlownFace: you were done talking
(22:56 / All) GoofyKlownFace: did i make you mad enough to break your vow of silence?
(25:05 / All) GoofyKlownFace: lol
(25:07 / All) GoofyKlownFace: attack move and win!
(25:14 / All) GoofyKlownFace: learn to scout before you attack retard
(25:40 / All) IEchoingIRuin: eh sry i think better of my opponents than to have a pussy strategy like that
(25:43 / All) GoofyKlownFace: lmfao
(25:49 / All) GoofyKlownFace: protip: dont build towers then cry about towers
(25:59 / All) IEchoingIRuin: i had 2 in case of a BM rush
(26:12 / All) GoofyKlownFace: that cost you more than 8 towers cost me
(26:21 / All) GoofyKlownFace: and using elf towers to counter heroes is retarded
(27:52 / All) GoofyKlownFace: did you need that
(28:02 / All) IEchoingIRuin: w/e im going afk u have fun playing with urself
(28:04 / All) GoofyKlownFace: lol
(28:06 / All) GoofyKlownFace: cry more
(28:26 / All) GoofyKlownFace: waaaaaaaaaaaah
(30:36 / All) GoofyKlownFace: hey
(30:40 / All) GoofyKlownFace: u said u were afk
(30:40 / All) IEchoingIRuin: ?
(30:46 / All) GoofyKlownFace: way to backpedal
(30:48 / All) IEchoingIRuin: im playing another game already rofl
(30:56 / All) GoofyKlownFace: gonna cry in that one too?
(31:02 / All) IEchoingIRuin: i just checked back to see if u could destroy my last few buildings
(31:07 / All) GoofyKlownFace: wow
(31:10 / All) GoofyKlownFace: worst excuse ever
(31:23 / All) IEchoingIRuin: heh yeah ur right
(31:25 / All) GoofyKlownFace: didnt expect much better, but a little
(31:28 / All) IEchoingIRuin: im def not questing on wow right now.
(31:36 / All) GoofyKlownFace: that game is more suited to you
(31:41 / All) GoofyKlownFace: not a game that involves strategy
(31:42 / All) IEchoingIRuin: neways im gonna go back to my other game ill check back with u in a few
(31:48 / All) GoofyKlownFace: i await your tears
(34:34 / All) GoofyKlownFace: i wonder what kind of things youre telling yourself right now
(35:24 / All) GoofyKlownFace: still trying?
(35:25 / All) GoofyKlownFace: lol
(37:48 / All) IEchoingIRuin: haha ur really talking to ur self
(37:54 / All) GoofyKlownFace: thats why you read it
(37:55 / All) GoofyKlownFace: :D
(38:08 / All) IEchoingIRuin: still playing with urself behind ur lil fag towers?
(38:15 / All) GoofyKlownFace: i just came
(38:31 / All) GoofyKlownFace: watching retard nerds get angry over a video game is like porn to me
(38:37 / All) GoofyKlownFace: no wonder you play wow
(38:44 / All) IEchoingIRuin: i play both
(38:48 / All) GoofyKlownFace: i know
(38:54 / All) IEchoingIRuin: my accnt is better than yours
(38:57 / All) GoofyKlownFace: must not know what a vagina feels like
(39:00 / All) GoofyKlownFace: now deny it.
(39:01 / All) IEchoingIRuin: record included
(39:07 / All) IEchoingIRuin: i just got pussy 30 minutes ago
(39:12 / All) GoofyKlownFace: theres the denial
(39:12 / All) IEchoingIRuin: and my 14 year old is sitting behind me
(39:13 / All) GoofyKlownFace: yeaaah
(39:47 / All) IEchoingIRuin: well neways.... gonna go back to questing be back in a few
(39:52 / All) GoofyKlownFace: now talk about how much you can benchpress
(39:56 / All) GoofyKlownFace: claim at least 300 lb
(40:05 / All) GoofyKlownFace: i wanna hear the standard rage replies
(44:11 / All) IEchoingIRuin: your a funny guy
(44:14 / All) GoofyKlownFace: *you're
(44:25 / All) IEchoingIRuin: oh, so u know what i meant?
(44:49 / All) GoofyKlownFace: are you still mad
(44:55 / All) IEchoingIRuin: nope im crackin up
(45:01 / All) GoofyKlownFace: they always pretend to laugh
(45:08 / All) IEchoingIRuin: your still sitting in this game while im doin other shit
(45:12 / All) IEchoingIRuin: its very funny to me
(54:23 / All) IEchoingIRuin: wow really?
(68:35 / All) GoofyKlownFace: i worked out a plan
(68:44 / All) GoofyKlownFace: since your fragile ego wont allow you to leave
(68:57 / All) GoofyKlownFace: you can just unpause and then tell yourself its not the same as leaving
(69:11 / All) GoofyKlownFace: have fun